Cogmind - Beta 13 @@@ ROGUE MODE // 2024.04.09 @ 23:49:14 Player: scumgirle Result: Self-destructed Performance ------------- Evolutions (1) 500 Regions Visited (2) 400 Robots Destroyed (10) 50 Value Destroyed (164) 164 Prototype IDs (0) 0 Alien Tech Used (0) 0 Bonus (0) 0 TOTAL SCORE: 1114 Bonus ------- None Cogmind --------- Core Integrity 323/400 Matter 300/300 Energy 100/100 System Corruption 0% Temperature Cool (0) Movement Walking (120) Location -9/Materials Parts ------- > --- POWER (1) -------- (None) > --- PROPULSION (2) --- Aluminum Leg > --- UTILITY (3) ------ Small Storage Unit Signal Interpreter > --- WEAPON (3) ------- Small Laser Particle Cannon > --- INVENTORY (8) ---- Aluminum Leg Improved Aluminum Leg Visual Processing Unit Particle Cannon Particle Cannon Particle Cannon Mining Laser Peak State ------------ > --- POWER ------------ Light Ion Engine > --- PROPULSION ------- Aluminum Leg Aluminum Leg > --- UTILITY ---------- Small Storage Unit Signal Interpreter > --- WEAPON ----------- EM Pulse Gun Particle Cannon Light Assault Rifle > --- INVENTORY -------- Ion Engine Aluminum Leg Improved Aluminum Leg Visual Processing Unit Small Laser [Rating: 9] Favorites ----------- Power Light Ion Engine Engine Light Ion Engine Propulsion Aluminum Leg Leg Aluminum Leg Utility Small Storage Unit Storage Small Storage Unit Processor Signal Interpreter Weapon Light Assault Rifle Energy Gun EM Pulse Gun Energy Cannon Particle Cannon Ballistic Gun Light Assault Rifle Build | -11 -10 -9 ------- Run | Yrd Mat Mat Slots Evolved 2 | . . 2 Power . | . . . Propulsion . | . . . Utility 1 | . . 1 Weapon 1 | . . 1 Parts Attached 11 | 5 1 5 Power 2 | 1 . 1 Engine 2 | 1 . 1 Core . | . . . Reactor . | . . . Propulsion 3 | 1 1 1 Treads . | . . . Leg 3 | 1 1 1 Wheel . | . . . Hover . | . . . Flight . | . . . Utility 2 | 1 . 1 Device . | . . . Storage 1 | 1 . . Processor 1 | . . 1 Hackware . | . . . Protection . | . . . Artifact . | . . . Weapon 4 | 2 . 2 Energy Gun 2 | 1 . 1 Energy Cannon 1 | . . 1 Ballistic Gun 1 | 1 . . Ballistic Cannon . | . . . Launcher . | . . . Special Weapon . | . . . Impact Weapon . | . . . Slashing Weapon . | . . . Piercing Weapon . | . . . Special Melee Weapon . | . . . Unidentified Prototypes . | . . . Parts Lost 4 | . . 4 Power 2 | . . 2 Propulsion . | . . . Utility . | . . . Weapon 2 | . . 2 Highest Loss Streak 2 | . . 2 To Critical Strikes . | . . . Average Slot Usage (%) 78 | . 75 80 Engine 11 | . 14 9 Leg 17 | . 18 17 Storage 12 | . 14 11 Processor 6 | . . 11 Energy Gun 12 | . 14 10 Energy Cannon 5 | . . 9 Ballistic Gun 12 | . 14 10 Naked Turns . | . . . Heaviest Build 15 | 11 11 15 Greatest Support 20 | 10 20 20 Greatest Overweight (x) 1 | 1 1 1 Average Overweight (x) . | . . . Largest Inventory Capacity 8 | 8 8 8 Average Capacity 7 | 7 8 8 Most Carried 7 | 5 6 7 Average Carried 4 | 3 3 5 Final Capacity 8 | 8 8 8 Final Carried 7 | 3 6 7 Class Distribution -------------------- 59% | Mutant 40% | Gunner Dominant Class ---------------- Mutant | -10/Materials Gunner | -9/Materials Resources | -11 -10 -9 ----------- Run | Yrd Mat Mat Matter Collected 326 | 240 30 56 Remotely . | . . . Salvage Created 204 | . 106 98 Parts 21 | . 9 12 Haulers Intercepted . | . . . Recyclers Shooed 2 | . 1 1 Parts Field Recycled . | . . . Retrieved Matter . | . . . Parts Self-Destructed . | . . . Prevented . | . . . Kills | -11 -10 -9 ------- Run | Yrd Mat Mat Combat Hostiles Destroyed 9 | . 2 7 Guns 4 | . 2 2 Cannons 5 | . . 5 Classes Destroyed 3 | . 2 1 Watcher 1 | . 1 . Swarmer 7 | . . 7 Grunt 2 | . 2 . Best Kill Streak 3 | . 3 3 Combat Bots Only 3 | . 2 3 Max Kills in Single Turn 2 | . 1 2 Gunslinging . | . . . Exploded . | . . . Melee . | . . . Uniques/NPCs Destroyed . | . . . Combat | -11 -10 -9 -------- Run | Yrd Mat Mat Hostile Shots Fired 70 | . 9 61 Missed 18 | . 4 14 Damage Taken 504 | . 53 451 Core 77 | . . 77 Absorbed by Shields . | . . . Core Remaining (%) 100 | 100 100 . Volleys Fired 26 | . 10 16 Largest 3 | . 2 3 Hottest 128 | . 60 128 Shots Fired 68 | . 20 48 Gun 52 | . 20 32 Cannon 16 | . . 16 Launcher . | . . . Special . | . . . Kinetic 26 | . 10 16 Thermal 22 | . . 22 Explosive . | . . . Electromagnetic 20 | . 10 10 Robot Hit Streak 5 | . 4 5 Robot Miss Streak 5 | . 2 5 Penetration Max . | . . . Secondary Targets . | . . . Shots Hit Robots 35 | . 12 23 Core Hits 14 | . 7 7 Critical Kills . | . . . Critical Parts Destroyed . | . . . Critical Strikes 1 | . 1 . Corrupt 1 | . 1 . Melee Attacks . | . . . Impact . | . . . Slashing . | . . . Piercing . | . . . Sneak Attacks . | . . . Combat Hostiles . | . . . Follow-up Attacks . | . . . Damage Inflicted 522 | . 149 373 Guns 298 | . 149 149 Cannons 224 | . . 224 Explosions . | . . . Melee . | . . . Ramming . | . . . Kinetic 82 | . 47 35 Thermal 269 | . . 269 Explosive . | . . . Electromagnetic 171 | . 102 69 Impact . | . . . Slashing . | . . . Piercing . | . . . Highest Corruption . | . . . Average Corruption . | . . . Corruption Purged . | . . . Corruption Blocked . | . . . Overload Shots . | . . . Overflow Damage 14 | . . 14 Projectiles 14 | . . 14 Explosions . | . . . Melee . | . . . Knockbacks . | . . . Impact . | . . . Kinetic . | . . . Secondary . | . . . Self-Inflicted Damage . | . . . Shots . | . . . Rammed . | . . . Targets Rammed . | . . . Kicked . | . . . Crushed . | . . . Highest Temperature 262 | . 70 262 Average Temperature 89 | . 32 108 Received Heat Transfer 153 | . 30 123 Siege Activations . | . . . Robots Corrupted . | . . . Combat Hostiles . | . . . Parts Fried . | . . . Impact Corruptions . | . . . Robots Melted . | . . . Combat Hostiles . | . . . Parts Melted 1 | . . 1 Heat Transferred 507 | . . 507 Parts Sabotaged . | . . . Parts Stolen . | . . . Parts Stripped . | . . . Power Chain Reactions . | . . . Alert | -11 -10 -9 ------- Run | Yrd Mat Mat Peak Influence 225 | . 77 225 Initial 32 | . . 32 Average 74 | . 27 133 Maximum Alert Level 1 | . . 1 Low Security (%) 93 | 100 100 87 Level 1 6 | . . 12 Level 2 . | . . . Level 3 . | . . . Level 4 . | . . . Level 5 . | . . . High Security . | . . . Max Security . | . . . Squads Dispatched 2 | . 1 1 Investigation . | . . . Extermination . | . . . Reinforcement 2 | . 1 1 Assault . | . . . Garrison . | . . . Intercept . | . . . Searches Triggered . | . . . Construction Impeded . | . . . Haulers Reinforced . | . . . Active Scanning Responses . | . . . Cargo Convoy Interrupts . | . . . Stealth | -11 -10 -9 --------- Run | Yrd Mat Mat Distress Signals 2 | . 1 1 Communications Jammed . | . . . Distress Signals . | . . . Times Spotted 26 | . 6 20 Peak Tracking Total 9 | . 4 9 Tactical Retreats . | . . . Traps | -11 -10 -9 ------- Run | Yrd Mat Mat Traps Triggered . | . . . Indirectly . | . . . Trap Hack Attempts . | . . . Triggered . | . . . Disarmed . | . . . Reprogrammed . | . . . Reused . | . . . Traps Extracted . | . . . Installed . | . . . Triggered . | . . . Machines | -11 -10 -9 ---------- Run | Yrd Mat Mat Machines Disabled 1 | . . 1 Max in Single Turn 1 | . . 1 Machines Repaired . | . . . Machines Dismantled . | . . . Machines Sabotaged . | . . . Overloaded Fab Kills . | . . . Hacking | -11 -10 -9 --------- Run | Yrd Mat Mat Machines Accessed 4 | . 2 2 Terminals 3 | . 2 1 Fabricators . | . . . Repair Stations . | . . . Recycling Units 1 | . . 1 Scanalyzers . | . . . Garrison Access . | . . . Total Hacks 9 | . 4 5 Successful 5 | . 1 4 Failed 4 | . 3 1 Catastrophic 1 | . 1 . Database Lockouts . | . . . Manual . | . . . Terminals 7 | . 4 3 Fabricators . | . . . Repair Stations . | . . . Recycling Units 2 | . . 2 Scanalyzers . | . . . Garrison Access . | . . . Terminal Hacks 4 | . 1 3 Emergency Access Points 1 | . . 1 Patrol Status 1 | . 1 . Recall Investigation 1 | . . 1 Hauler Manifests 1 | . . 1 Fabricator Hacks . | . . . Repair Station Hacks . | . . . Recycling Unit Hacks 1 | . . 1 Retrieve Matter 1 | . . 1 Scanalyzer . | . . . Garrison Access Hacks . | . . . Unauthorized Hacks . | . . . Terminals . | . . . Fabricators . | . . . Repair Stations . | . . . Recycling Units . | . . . Scanalyzers . | . . . Garrison Access . | . . . Data Cores Recovered . | . . . Used . | . . . Hacking Detections 3 | . 2 1 Full Trace Events 1 | . 1 . Feedback Events . | . . . Feedback Blocked . | . . . Robot Schematics Acquired . | . . . Robots Built . | . . . Authchips . | . . . Time . | . . . Total Robot Build Rating . | . . . Part Schematics Acquired . | . . . Parts Built . | . . . Authchips . | . . . Time . | . . . Total Part Build Rating . | . . . Parts Repaired . | . . . Time . | . . . Parts Recycled . | . . . Recycled Matter . | . . . Retrieved Matter . | . . . Retrieved Components . | . . . Parts Scanalyzed . | . . . Part Schematics Acquired . | . . . Parts Damaged . | . . . Bothacking | -11 -10 -9 ------------ Run | Yrd Mat Mat Used RIF Installer . | . . . Robots Hacked . | . . . Non-combat . | . . . Combat . | . . . Robot Hacks Applied . | . . . Relay Couplers Released . | . . . Fabnet Peak Effective % . | . . . Robots Rewired . | . . . Allies Hacked . | . . . Hacks Repelled . | . . . Allies | -11 -10 -9 -------- Run | Yrd Mat Mat Total Allies . | . . . Largest Group . | . . . Highest-Rated Group . | . . . Highest-Rated Ally . | . . . Total Orders . | . . . Ally Attacks . | . . . Total Damage . | . . . Kills . | . . . Allies Corrupted . | . . . Allies Melted . | . . . Intel | -11 -10 -9 ------- Run | Yrd Mat Mat Robot Analysis Total . | . . . Derelict Logs Recovered . | . . . Drone Launches . | . . . Drone Recoveries . | . . . Exploration | -11 -10 -9 ------------- Run | Yrd Mat Mat Turns Passed 616 | 108 210 298 Spaces Moved 353 | 81 110 162 Core 19 | 19 . . Treads . | . . . Legs 334 | 62 110 162 Wheels . | . . . Hover . | . . . Flight . | . . . Fastest Speed 50 | 50 120 120 Average Speed 141 | 118 158 142 Slowest Speed 190 | 190 190 190 Overloaded Moves . | . . . Propulsion Burnouts . | . . . Robots Hopped . | . . . Cave-ins Triggered . | . . . Exploration Rate (%) 16 | 4 23 22 Regions Visited 2 Branch Regions . Pre-discovered Areas . | . . . Known Exits Taken . | . . . Unknown Exits Taken 2 | 1 1 . Scrap Searched . | . . . Spaces Dug . | . . . Terrain Destroyed . | . . . Melee . | . . . Projectile . | . . . AOE . | . . . Terrain Rammed . | . . . Walls Destroyed . | . . . Machines Disabled . | . . . Actions | -11 -10 -9 --------- Run | Yrd Mat Mat Total 420 | 93 128 199 Wait 6 | . 4 2 Move 351 | 80 109 162 Hop . | . . . Pick Up 20 | 8 4 8 Fast Attach . | . . . Attach 11 | 5 1 5 Detach 2 | . . 2 Swap . | . . . Drop 4 | . . 4 Fire 26 | . 10 16 Melee . | . . . Ram . | . . . Kick . | . . . Crush . | . . . Escape Stasis . | . . . Rewire . | . . . Trap . | . . . Miscellaneous . | . . . Route ------- -11/Scrapyard -10/Materials (discovered 2 exits: *Mat / [*Min]) -9/Materials (discovered 1 exit: *Min) History --------- Turn | Location | Event 12 | -11/Scrapyard | Discovered new exit (range 16) 109 | -11/Scrapyard | Entered Materials 218 | -10/Materials | Discovered new exit (range 13) 304 | -10/Materials | Discovered new exit (range 13) 312 | -10/Materials | Build established: Mutant 319 | -10/Materials | Entered another Materials area 319 | -9/Materials | Evolved 2 slots: Utility x1, Weapon x1 419 | -9/Materials | Discovered new exit (range 14) 440 | -9/Materials | Identified exit to Mines 617 | -9/Materials | Self-destructed Last Messages --------------- 00525_ K-01 Serf cleans the Terminal. 00527_ Acquired Particle Cannon. 00535_ R-06 Scavenger inserts Lgt. Assault Rifle into recycling unit. 00538_ Acquired Particle Cannon. 00538_ R-06 Scavenger inserts Corrupted Flight Unit into recycling unit. 00541_ R-06 Scavenger inserts Lgt. Ion Engine into recycling unit. 00544_ R-06 Scavenger inserts Aluminum Leg into recycling unit. 00544_ Connecting with Recycling Unit... 00563_ K-01 Serf collects debris. 00566_ K-01 Serf cleans the Pressure Siphon. 00578_ Acquired 20 matter. 00599_ Critical hit (Burn: +37). 00602_ Lgt. Assault Rifle destroyed. 00604_ Lgt. Ion Engine destroyed. 00609_ O-16 Technician: "IFF HANDSHAKE FAILED. SECURING TERMINAL." 00611_ O-16 Technician uses terminal to summon reinforcements. 00611_ ALERT: Hostiles spotted, dispatching reinforcements to Terminal M001. 00611_ O-16 Technician locks terminal. Map ----- +----------------------------------------------------+ | ?????????????????????????????????????????????????? | | ?????????????????????????????????????????????????? | | ?????????????????????????????????????????????????? | | ?????????????????????????????????????????????????? | | ?????????????????????????????????????????????????? | | ?????????????????????????????????????????????????? | | ?????????????????????????????????????????????????? | | ?????????????????????????????????????????????????? | | ?????????????????????????????????????????????????? | | ?????????????????????????????????????????????????? | | ?????????????????????????????? ????? ???????????? | | ?????????????????????????????? ? T ???????????? | | ?????????????????????????????? ???????????? | | ?????????????????????????????? ??????????? | | ?????????????????????????????? #?????????? | | ?????????????????????????????? #?????###+# | | ????????????????????????????## ###+### | | ????????????????????????????# | | ????????????????????????????# | | ????????????????????????????# """ """ | | ????????????????????????????# """ """ = | | ????????????????????????????#[[ """ """ = | | ????????????????????????????#[[ """ """ = | | ?????????????################ | | ?????????? wk | | ??????????T @ ######" "## | | ??????????"s s gk #????#"T"?# | | ?????????????#################;#######""??# " | | ???????????????????????## ####### T | | ???????????????????????# # %# " | | ???????????????????????## / # | | ????????????????????????# [# """ # | | ????????????????????????# # """ # | | ????????????????????????# ][ # """ # | | ????????????????????????# ][ # %+ | | ????????????????????????############# # ##+# | | ????????????????????????????????????####### ## ? | | ???????????????????????????????????????#" # ? | | ???????????????????????????????????????#"" #?? | | ???????????????????????????????????????#!! #?? | | ???????????????????????????????????????#"" > #?? | | ???????????????????????????????????????#| #?? | | ???????????????????????????????????????#"" #?? | | ???????????????????????????????????????#" #?? | | ???????????????????????????????????????#### ##?? | | ??????????????????????????????????????????# #??? | | ??????????????????????????????????????????# #??? | | ??????????????????????????????????????????# #??? | | ?????????????????????????????????????????## ##?? | | ??????????????????????????????####+####### ### | +----------------------------------------------------+ Best States ------------- Heat Dissipation 28 Energy Generation 10 Energy Capacity 125 Matter Stores 300 Matter Capacity 300 Sight Range 16 Terrain Scan Density 10 Evasion (%) 55 Item Schematics ----------------- None Robot Schematics ------------------ None Fabricated ------------ Nothing Alien Tech Used ----------------- None Achievements -------------- None Challenges ------------ None Game ------ Seed CooledSegregatorInitializer Manual? 0 Play Time 00:10:37 Cumulative 3.2 hours Start 2024.04.09 @ 23:42:23 End 2024.04.09 @ 23:49:14 Sessions 1 Manual Loads 0 Difficulty Rogue Special Mode None Game No. 13 Rogue 13 Adventurer 0 Explorer 0 Win Type - Total 0 Types 0/0/0/0/0/0/0/0/0 Lore% 7 Gallery% 7 Achievement% 7 Wizard Run 0 Options --------- Layout 0 ASCII 0 Keyboard 1 Movement Numpad Keybinds 0 Fullscreen 1 Font 14/SmallcapsGlow Map View 72x54 Zoom Use 0% Tactical HUD 1 Map Filters NONE Filters NONE Steam 0 RUN: 2962ea38-ad1f-4042-b2dd-32cf2a0950a9